 Dungeon Crawl Stone Soup version 0.24.0-123-gd5b16e6ec5 (webtiles) character file.

Game seed: 8617747766817029681, levelgen mode: deterministic

83 AuftragZ the Charmwright (level 4, -2/37 HPs)
             Began as a Draconian Skald on Jan 25, 2020.
             Slain by a gnoll
             ... wielding a +0 spear
              (3 damage)
             ... on level 3 of the Dungeon.
             The game lasted 00:07:55 (2340 turns).

AuftragZ the Charmwright (Draconian Skald)          Turns: 2340, Time: 00:07:56

Health: -2/37      AC:  5    Str: 14    XL:     4   Next: 22%
Magic:  7/7        EV: 13    Int: 13    God:
Gold:   115        SH:  0    Dex: 11    Spells: 1/7 levels left

rFire    . . .     SeeInvis .   b - +0 dagger (venom)
rCold    . . .     Gourm    .   (no shield)
rNeg     . . .     Faith    .   (armour unavailable)
rPois    .         Spirit   .   (helmet restricted)
rElec    .         Reflect  .   (no cloak)
rCorr    .         Harm     .   (no gloves)
MR       +....     Rnd*Tele +   (no boots)
Stlth    +.........             (no amulet)
HPRegen  0.12/turn              d - ring of teleportation (curse)
MPRegen  0.10/turn              f - ring of protection from magic

@: no status effects
A: unfitting armour, cold-blooded, AC +5
a: no special abilities


You were on level 3 of the Dungeon.
You were hungry.

You visited 1 branch of the dungeon, and saw 3 of its levels.

You collected 115 gold pieces.

Inventory:

Hand Weapons
 b - a +0 dagger of venom (weapon)
 e - a +2 dagger of holy wrath
Missiles
 a - 21 poisoned darts (quivered)
Jewellery
 d - a cursed ring of teleportation (left hand)
 f - a ring of protection from magic (right hand)
Scrolls
 h - a scroll of identify {unknown}
Comestibles
 c - 8 rations


   Skills:
 + Level 2.4 Fighting
 + Level 1.3 Short Blades
   Level 2.0 Axes
 + Level 2.9 Dodging
 + Level 0.9 Stealth
 + Level 2.3 Spellcasting
 + Level 3.2 Charms


You had one spell level left.
You knew the following spells:

 Your Spells              Type           Power        Failure   Level  Hunger
a - Infusion              Chrm           ##..         6%          1    #......
b - Song of Slaying       Chrm           ##......     10%         2    ###....
c - Spectral Weapon       Hex/Chrm       #.......     36%         3    ###....

Your spell library contained the following spells:

 Spells                   Type           Power        Failure   Level  Hunger
 Shroud of Golubria       Chrm/Tloc      #.....       19%         2    ###....
 Regeneration             Chrm/Necr      #.........   36%         3    ###....


Dungeon Overview and Level Annotations

Branches:
Dungeon (3/15)

Altars:


Innate Abilities, Weirdness & Mutations

Your plain brown scales are hard. (AC +5)
You cannot fit into any form of body armour.
You are cold-blooded and may be slowed by cold attacks.


Message History

You hear a shout! x3
The gnoll misses you.
The gnoll hits you but does no damage. x3
The gnoll closely misses you. The gnoll hits you with a +0 spear.
The gnoll misses you.
The gnoll hits you from afar with a +0 spear.
The gnoll barely misses you.
The gnoll hits you from afar with a +0 spear.
The gnoll closely misses you. The gnoll closely misses you.
The gnoll hits you but does no damage.
You open the large door. The gnoll hits you with a +0 whip!
* * * LOW HITPOINT WARNING * * *
The gnoll closely misses you.
The gnoll hits you from afar with a +0 spear.
* * * LOW HITPOINT WARNING * * *
The gnoll closely misses you. The gnoll completely misses you.
The gnoll closely misses you.
The gnoll hits you from afar with a cursed -1 halberd!
* * * LOW HITPOINT WARNING * * *
The gnoll hits you from afar with a +0 spear.
You die...

##++#########
........ggg.#
......gggg..######
.....ggggggg@....+
.....ggggg..'....+
##++##############


You could see a gnoll sergeant and 18 gnolls.

Vanquished Creatures
  2 adders (D:2)
  An ooze (D:2)
  3 dart slugs (D:2)
  3 worms (D:2)
  A leopard gecko (D:1)
  A ball python (D:2)
  3 giant cockroaches
  7 hobgoblins
  4 bats
  3 frilled lizards
  6 goblins
  8 kobolds
  5 rats
47 creatures vanquished.

Notes
Turn   | Place    | Note
-------+----------+-------------------------------------------
     0 | D:1      | AuftragZ the Draconian Skald began the quest for the Orb.
     0 | D:1      | Reached XP level 1. HP: 17/17 MP: 3/3
   177 | D:1      | Reached XP level 2. HP: 16/24 MP: 5/5
   371 | D:1      | Reached skill level 3 in Charms
   716 | D:2      | Reached XP level 3. HP: 25/29 MP: 6/6
   765 | D:2      | Learned a level 2 spell: Song of Slaying
   769 | D:2      | Learned a level 3 spell: Spectral Weapon
  1384 | D:2      | Reached skill level 1 in Short Blades
  1828 | D:2      | Reached XP level 4. HP: 37/37 MP: 7/7
  2333 | D:3      | Noticed a gnoll sergeant
  2339 | D:3      | HP: 1/37 [gnoll/cursed -1 halberd (7)]
  2340 | D:3      | Slain by a gnoll

Levels and vault maps discovered:
D:1:      dpeg_arrival_pits, layout_basic
D:2:      cheibrodos_helix_gallery, layout_basic, first_ration
D:3:      lemuel_castle_with_subvaults [lemuel_castle_interior_original],
          layout_rooms, nicolae_overflow_hidden_temple, kennysheep_path_1,
          uniq_sigmund

Skill      XL: |  1  2  3 |
---------------+----------+-----
Charms         | 3 |  3.2
Short Blades   | 1 |  1.3
Fighting       | |  2.4
Axes           | |  2.0
Dodging        | |  2.9
Stealth        | |  0.9
Spellcasting   | |  2.3

Action                   |  1- 3 |  4- 6 || total
-------------------------+-------+-------++-------
Melee: Hand axe          |    10 |       ||    10
       Dagger            |    89 |    30 ||   119
       Tailslap          |    13 |     3 ||    16
Throw: Dart              |       |     1 ||     1
 Cast: Infusion          |       |     1 ||     1
       Song of Slaying   |       |     1 ||     1
  Use: Potion            |     5 |     1 ||     6
       Scroll            |     6 |       ||     6
 Stab: Sleeping          |     2 |       ||     2
  Eat: Chunk             |     3 |     1 ||     4
Armor: Skin              |    34 |    13 ||    47
Dodge: Dodged            |    84 |    49 ||   133
